 Dungeon Crawl Stone Soup version 0.24.0-1-gfbc8707122 (console) character file.

Game seed: 13014268129811896498, levelgen mode: deterministic

64633 AlterAsc the Severer (level 15, -6/145 HPs)
             Began as a Hill Orc Fighter on Oct 27, 2019.
             Was the Champion of Makhleb.
             Mangled by a troll (13 damage)
             ... on level 2 of the Orcish Mines.
             The game lasted 01:22:13 (18022 turns).

AlterAsc the Severer (Hill Orc Fighter)            Turns: 18022, Time: 01:22:13

Health: -6/145     AC: 20    Str: 26    XL:     15   Next: 13%
Magic:  23/23      EV: 10    Int:  8    God:    Makhleb [******]
Gold:   1701       SH:  0    Dex: 12    Spells: 14/14 levels left

rFire    . . .     SeeInvis .   a - +6 battleaxe (flame)
rCold    . . .     Gourm    .   (shield currently unavailable)
rNeg     . . .     Faith    .   F - +0 plate armour
rPois    .         Spirit   .   y - +0 helmet
rElec    .         Reflect  .   W - +1 cloak
rCorr    .         Harm     .   (no gloves)
MR       +....                  P - +1 pair of boots
Stlth    ..........             g - amulet of rage
HPRegen  0.34/turn              G - +3 ring of slaying
MPRegen  0.18/turn              X - +2 ring of dexterity

@: no status effects
A: no striking features
a: Minor Destruction, Lesser Servant of Makhleb, Major Destruction, Greater
Servant of Makhleb, Renounce Religion, Evoke Berserk Rage


You were on level 2 of the Orcish Mines.
You worshipped Makhleb.
Makhleb was exalted by your worship.
You were not hungry.

You visited 4 branches of the dungeon, and saw 20 of its levels.
You also visited: Bailey and Volcano.

You collected 1701 gold pieces.

Inventory:

Hand Weapons
 a - a +6 battleaxe of flaming (weapon)
 C - a +1 demon whip of flaming
Missiles
 n - 169 bolts
Armour
 y - a +0 helmet (worn)
 F - a +0 plate armour (worn)
 H - a +1 large shield of fire resistance
 I - a +2 ring mail of fire resistance
 P - a +1 pair of boots (worn)
 W - a +1 cloak (worn)
Jewellery
 g - an amulet of rage (around neck)
 v - an uncursed amulet of the acrobat
 G - a +3 ring of slaying (left hand)
 V - a cursed amulet of inaccuracy {unknown}
 X - a +2 ring of dexterity (right hand)
Wands
 m - a wand of random effects (46)
 t - a wand of acid (21)
 w - a wand of iceblast (8)
 A - a wand of flame (55)
 O - a wand of scattershot (3)
 Z - a wand of paralysis (21)
Scrolls
 c - a scroll of immolation {unknown}
 h - 14 scrolls of teleportation
 j - 2 scrolls of silence {unknown}
 k - 7 scrolls of remove curse
 l - 4 scrolls of blinking
 q - 6 scrolls of identify
 s - 3 scrolls of summoning {unknown}
 z - 3 scrolls of amnesia
 B - 6 scrolls of fog
 L - 3 scrolls of magic mapping
 M - 2 scrolls of fear
 N - a scroll of brand weapon {unknown}
 U - a scroll of enchant armour {unknown}
 Y - 2 scrolls of torment
Potions
 b - a potion of brilliance {unknown}
 d - 2 potions of might
 e - 2 potions of cancellation {unknown}
 i - 8 potions of curing
 o - 5 potions of agility
 p - 3 potions of haste
 r - 2 potions of resistance {unknown}
 x - 3 potions of lignification {unknown}
 E - 2 potions of flight {unknown}
 K - 4 potions of magic {unknown}
 Q - 2 potions of heal wounds
 R - 3 potions of berserk rage {unknown}
 S - a potion of experience {unknown}
 T - 2 potions of mutation {unknown}
Comestibles
 f - 27 rations


   Skills:
 + Level 16.4 Fighting
 - Level 20.0 Axes
 + Level 9.8 Armour
 + Level 6.8 Dodging
 - Level 4.2 Shields
 + Level 11.2 Invocations


You had 14 spell levels left.
You didn't know any spells.
Your spell library contained the following spells:

 Spells                   Type           Power        Failure   Level  Hunger
 Confusing Touch          Hex            #.....       99%         1    ##.....
 Flame Tongue             Conj/Fire      #....        99%         1    ##.....
 Throw Flame              Conj/Fire      #.....       99%         2    ###....
 Confuse                  Hex            #.......     100%        3    ####...
 Conjure Flame            Conj/Fire      #.......     100%        3    ####...
 Gell's Gravitas          Tloc           #.........   100%        3    ####...
 Inner Flame              Hex/Fire       #.......     100%        3    ####...
 Petrify                  Tmut/Erth      #.......     100%        4    #####..
 Sticky Flame             Conj/Fire      #.......     100%        4    #####..
 Fireball                 Conj/Fire      #.........   100%        5    ######.
 Metabolic Englaciation   Hex/Ice        #.........   100%        5    ######.
 Yara's Violent Unravell  Hex/Tmut       #.........   100%        5    ######.


Dungeon Overview and Level Annotations

Branches:
Dungeon (11/15)            Temple (1/1) D:7            Lair (6/6) D:11
 Shoals (0/4) Lair:3        Snake (0/4) Lair:2        Slime (0/5) Lair:6
    Orc (1/2) D:9             Elf (0/3) Orc:2        Bailey (visited)
Volcano (visited)

Altars:
Ashenzari
Cheibriados
Dithmenos
Elyvilon
Fedhas
Gozag
Hepliaklqana
Kikubaaqudgha
Makhleb
Nemelex Xobeh
Okawaru
Qazlal
Ru
Sif Muna
Trog
Uskayaw
Vehumet
Wu Jian
Xom
Yredelemnul
Zin
The Shining One

Shops:
D:4 !

Portals:
Hell: Lair:6

Annotations:
D:4 Menkaure
D:7 2 transporters, newuser's ghost, novice TeSu
D:11 exclusion: oklob plant


Message History

Makhleb accepts your kill.
You hit the orc warrior. You burn the orc warrior. You barely miss the orc.
The orc warrior barely misses you. The orc warrior closely misses you.
You completely miss the orc. You hit the orc warrior. You burn the orc warrior.
The orc wizard casts a spell at you. The magic dart hits you.
* * * LOW HITPOINT WARNING * * *
The orc warrior hits you from afar with a +0 trident!
* * * LOW HITPOINT WARNING * * *
You feel much better.
The orc warrior hits you with a +0 mace!!
* * * LOW HITPOINT WARNING * * *
The orc barely misses you.
The orc warrior hits you from afar with a +0 trident.
* * * LOW HITPOINT WARNING * * *
Your plate armour prevents you from hitting the orc.
You hit the orc warrior but do no damage.
You slice the troll!! You burn the troll! The orc barely misses you.
The orc warrior barely misses you. The troll bites you!
You die...

### #.# ... ###.### .. ...#
##.#.#.## ... ....## #.......##
.... ...... ###........# ....
......##..)...†...# .....
..........)))†))o.# ####....
#........)o.))@o.## ##.#.....
#.........o.#[oT..#####.>).....
####.......###..o..#o##..))#...
#.......###......oo.....#....
#..........#.....##......)....
.....#.##.........##....#))....
......#####......#####..####....
....## .....##. #### #.... ...#
#....# ......


You could see a troll, 3 orc warriors and 5 orcs.

Vanquished Creatures
  2 entropy weavers
  A fire dragon (Volcano)
  Fannar (Lair:3)
  Erolcha (D:10)
  11 hydras
  11 death yaks
  A queen ant (Lair:5)
  An orc high priest (Orc:2)
  A sun demon (Lair:6)
  A wizard (Lair:6)
  A necromancer (D:9)
  3 orc knights (Orc:2)
  2 orc sorcerers (Orc:2)
  An ugly thing (D:11)
  A merfolk siren (Lair:3)
  8 black mambas
  A smoke demon (Lair:6)
  10 elephants
  16 spiny frogs
  An orange demon (Lair:6)
  An ice devil (Lair:6)
  4 komodo dragons
  8 rime drakes
  3 red devils (Lair:6)
  3 trolls
  Grinder (D:4)
  A slime creature (D:6)
  7 blink frogs
  18 dream sheep
  4 hippogriffs
  3 wyverns
  A basilisk (Lair:1)
  16 yaks
  2 hungry ghosts
  2 wargs (Orc:2)
  Grum (D:11)
  4 hell hounds (Lair:6)
  22 water moccasins
  25 soldier ants (Lair:5)
  4 porcupines
  A necrophage (D:9)
  3 sky beasts
  16 orc warriors
  2 phantoms
  6 ogres
  A black bear (Lair:1)
  16 wolves
  15 crocodiles
  5 centaurs
  4 big kobolds (D:8)
  12 bullfrogs
  A gnoll sergeant (D:6)
  A scorpion (D:7)
  6 killer bees (D:10)
  2 electric eels
  A howler monkey (D:5)
  10 crimson imps
  A quasit (D:11)
  A centaur zombie (D:7)
  10 jellies
  A lava snake (Lair:6)
  3 bullfrog zombies
  4 hounds
  10 orc priests
  10 orc wizards
  5 bullfrog skeletons
  2 centaur skeletons
  2 iguanas
  21 worker ants
  3 polar bear simulacra (D:9)
  3 yak simulacra (D:9)
  2 wolf simulacra (D:9)
  A hound zombie (D:10)
  A hound skeleton (D:8)
  A howler monkey zombie (D:5)
  21 adders
  18 gnolls
  5 shadow imps
  14 oozes (D:6)
  3 adder zombies
  An adder skeleton (D:4)
  3 worms
  3 dart slugs
  9 leopard geckos
  40 orcs
  5 ball pythons
  3 giant cockroaches
  19 hobgoblins
  12 jackals
  4 quokkas
  A ball python zombie (D:5)
  4 bats
  4 frilled lizards
  A giant cockroach zombie (D:6)
  8 goblins
  A jackal skeleton (D:5)
  22 kobolds
  2 leopard gecko skeletons
  5 rats
  3 river rat simulacra (D:9)
  8 fungi
  5 plants
612 creatures vanquished.

Vanquished Creatures (others)
  10 fungi
  6 plants
16 creatures vanquished.

Grand Total: 628 creatures vanquished

Notes
Turn   | Place    | Note
-------+----------+-------------------------------------------
     0 | D:1      | AlterAsc the Hill Orc Fighter began the quest for the Orb.
     0 | D:1      | Reached XP level 1. HP: 19/19 MP: 1/1
   136 | D:1      | Reached XP level 2. HP: 26/27 MP: 2/2
   166 | D:1      | Reached skill level 3 in Axes
   492 | D:2      | Reached XP level 3. HP: 33/33 MP: 3/3
   711 | D:2      | Reached XP level 4. HP: 40/40 MP: 4/4
  1057 | D:2      | Reached skill level 1 in Dodging
  1476 | D:3      | Reached skill level 4 in Axes
  1744 | D:3      | Found a bloodstained altar of Trog.
  1797 | D:3      | Found a glowing silver altar of Zin.
  2245 | D:4      | Noticed a phantom
  2430 | D:4      | Killed a phantom
  2430 | D:4      | Reached skill level 5 in Axes
  2430 | D:4      | Reached XP level 5. HP: 39/47 MP: 5/5
  2458 | D:4      | Found a stormy altar of Qazlal.
  2698 | D:4      | Reached XP level 6. HP: 17/53 MP: 6/6
  3165 | D:4      | Noticed Menkaure
  3197 | D:5      | Entered Level 5 of the Dungeon
  3486 | D:5      | Reached skill level 5 in Fighting
  3486 | D:5      | Reached skill level 6 in Axes
  3590 | D:5      | Found a hide-covered altar of Uskayaw.
  3636 | D:5      | Noticed a sky beast
  3640 | D:5      | Reached skill level 7 in Axes
  3640 | D:5      | Reached XP level 7. HP: 44/61 MP: 7/7
  3655 | D:5      | HP: 3/61 [sky beast (5)]
  3672 | D:5      | HP: 3/61 [adder (3)]
  3780 | D:4      | Found Ykaagoipp's Distillery.
  3901 | D:4      | Noticed Grinder
  3908 | D:4      | Paralysed by Grinder for 2 turns
  3915 | D:4      | Paralysed by Grinder for 7 turns
  3928 | D:4      | Paralysed by Grinder for 2 turns
  3965 | D:5      | Reached skill level 8 in Axes
  4155 | D:4      | Killed Grinder
  4155 | D:4      | Reached XP level 8. HP: 9/71 MP: 8/8
  4509 | D:5      | Reached skill level 9 in Axes
  5035 | D:6      | Found an opulent altar of Gozag.
  5209 | D:6      | Reached skill level 10 in Axes
  5311 | D:6      | Reached skill level 11 in Axes
  5670 | D:6      | Reached XP level 9. HP: 74/81 MP: 9/9
  5733 | D:6      | Found an iron altar of Okawaru.
  5930 | D:6      | Reached skill level 12 in Axes
  5967 | D:7      | Found a transporter.
  5987 | D:7      | Found a transporter.
  6030 | D:7      | Noticed newuser's ghost (novice TeSu)
  6119 | D:7      | Reached skill level 13 in Axes
  6265 | D:7      | Reached XP level 10. HP: 89/93 MP: 10/10
  6304 | D:7      | Reached skill level 10 in Fighting
  6304 | D:7      | Reached skill level 14 in Axes
  6357 | D:7      | Found a staircase to the Ecumenical Temple.
  6366 | Temple   | Entered the Ecumenical Temple
  6559 | Temple   | Became a worshipper of Makhleb the Destroyer
  7219 | D:8      | Reached * piety under Makhleb
  7455 | D:8      | Found a flagged portal.
  7464 | Bailey   | Entered a bailey
  7657 | Bailey   | Reached ** piety under Makhleb
  8203 | D:8      | Reached skill level 1 in Invocations
  8203 | D:8      | Reached skill level 15 in Axes
  8259 | D:8      | Noticed a three-headed hydra
  8263 | D:8      | Killed a one-headed hydra
  8267 | D:8      | Found the +12 glaive of Prune {chop}
  8869 | D:9      | You fall into a shaft and drop 2 floors!
  8869 | D:11     | Noticed a red ugly thing
  8878 | D:11     | Reached XP level 11. HP: 102/102 MP: 12/14
  8881 | D:11     | Killed a red ugly thing
  8910 | D:10     | Entered Level 10 of the Dungeon
  8931 | D:10     | Noticed Erolcha
  8944 | D:10     | Killed Erolcha
  8944 | D:10     | Reached skill level 16 in Axes
  9236 | D:9      | Noticed a necromancer
  9241 | D:9      | Killed a necromancer
  9255 | D:9      | Reached *** piety under Makhleb
  9325 | D:9      | Found a staircase to the Orcish Mines.
  9686 | Orc:1    | Entered Level 1 of the Orcish Mines
 10104 | D:10     | Reached skill level 17 in Axes
 10228 | D:10     | Reached **** piety under Makhleb
 10518 | D:11     | Noticed Grum
 10527 | D:11     | Killed Grum
 10666 | D:11     | Noticed a five-headed hydra
 10677 | D:11     | Killed a two-headed hydra
 10727 | D:11     | Found a staircase to the Lair.
 10729 | D:11     | Noticed an oklob plant
 10772 | Lair:1   | Entered Level 1 of the Lair of Beasts
 10788 | Lair:1   | Found a dark tunnel.
 10796 | Volcano  | Entered a volcano
 10815 | Volcano  | Noticed a fire dragon
 10832 | Volcano  | Killed a fire dragon
 11315 | Lair:1   | Reached skill level 18 in Axes
 11315 | Lair:1   | Reached XP level 12. HP: 95/113 MP: 15/15
 11605 | Lair:1   | Got a faintly glowing chain mail
 11616 | Lair:1   | Identified the +5 chain mail of the Souls {MP+9} (You found
                  | it on level 1 of the Lair of Beasts)
 12183 | Lair:2   | Reached skill level 19 in Axes
 12188 | Lair:2   | Found a staircase to the Snake Pit.
 12191 | Lair:2   | Reached ***** piety under Makhleb
 12448 | Lair:2   | Noticed a seven-headed hydra
 12458 | Lair:2   | Killed a two-headed hydra
 12876 | Lair:3   | Found a staircase to the Shoals.
 12964 | Lair:3   | Noticed a five-headed hydra
 12971 | Lair:3   | Killed a one-headed hydra
 13029 | Lair:3   | Noticed a six-headed hydra
 13034 | Lair:3   | Killed a three-headed hydra
 13034 | Lair:3   | Reached skill level 20 in Axes
 13081 | Lair:3   | Reached XP level 13. HP: 124/124 MP: 16/16
 13168 | Lair:3   | Noticed Fannar
 13182 | Lair:3   | Killed Fannar
 13809 | Lair:4   | Reached skill level 5 in Invocations
 13826 | Lair:4   | Reached skill level 5 in Armour
 14769 | Lair:5   | Reached skill level 15 in Fighting
 14816 | Lair:5   | Noticed an entropy weaver
 15121 | Lair:4   | Killed an entropy weaver
 15407 | Lair:5   | Noticed an entropy weaver
 15436 | Lair:5   | Killed an entropy weaver
 15436 | Lair:5   | Reached XP level 14. HP: 110/135 MP: 20/20
 15489 | Lair:5   | Reached ****** piety under Makhleb
 15854 | Lair:5   | Reached skill level 5 in Dodging
 16161 | Lair:6   | Entered Level 6 of the Lair of Beasts
 16239 | Lair:6   | Reached skill level 10 in Invocations
 17044 | Lair:6   | Found a staircase to the Slime Pits.
 17138 | Lair:6   | Found a burning altar of Makhleb.
 17456 | Lair:6   | Found a gateway to Hell.
 17919 | Orc:1    | You fall into a shaft and drop 1 floor!
 17919 | Orc:2    | Entered Level 2 of the Orcish Mines
 17919 | Orc:2    | Found a staircase to the Elven Halls.
 17926 | Orc:2    | Reached XP level 15. HP: 144/144 MP: 23/23
 18021 | Orc:2    | HP: 7/145 [orc warrior/+0 trident (2)]
 18022 | Orc:2    | Mangled by a troll

Levels and vault maps discovered:
D:1:      dpeg_arrival_castle, layout_basic, serial_park_tiny_2
D:2:      layout_basic
D:3:      layout_basic, nicolae_overflow_crystal_walls, first_ration,
          minmay_splitting_lines, trog_book
D:4:      wad_pebble_path, layout_loops_corners, serial_shops,
          nicolae_shop_window_shopping, minmay_misc_feat_tower,
          grunt_qazlal_clouds, uniq_grinder, uniq_menkaure
D:5:      layout_loops_cross, eat_drink_and_be_merry_uskayaw,
          grunt_decor_mini_mirrors, ebering_dispersal_statue_hall
D:6:      lemuel_slime, layout_rooms, lemuel_round_altar, lemuel_doored_altar,
          grunt_decor_clamped, grunt_tough_drop
D:7:      layout_basic, minmay_temple_entry_trees, gammafunk_ghost_stat_death
D:8:      layout_gridville, enter_bailey_2, hangedman_ranch
          [blue_anna_fruit_fields]
D:9:      layout_basic, orc_david_3, minmay_fountain_box, eino_house_with_fridge
D:10:     layout_cave_pods, minmay_variable_closet, uniq_erolcha
D:11:     layout_long_grid, dpeg_oklobed_lair, hangedman_decor_points,
          grunt_decor_fettered, uniq_grum
Temple:   dpeg_five_rooms_temple
Lair:1:   layout_loops_ring, special_room [special_room_bee],
          lightli_volcano_entry_magma_tube, serial_bayou_shore_b,
          infiniplex_staircase_pool, grunt_megastairs_2
Lair:2:   layout_loops_ring, minmay_snake_entry_six_corridors,
          cheibrodos_lair_reptile_den, serial_bayou_shore_a
Lair:3:   layout_roguey, minmay_shoals_entry_lonely_mermaid,
          serial_bayou_lake_a, uniq_fannar
Lair:4:   layout_hall_layers, eino_small_chamber_without_monster
Lair:5:   layout_loops_ring, minivault_29, grunt_megastairs_1
Lair:6:   evil_forest, layout_gridlike, dpeg_slime_entry_corner,
          grunt_megastairs_5
Orc:1:    layout_caves, serial_shops, shop
Orc:2:    grunt_orc_cross, layout_diamond_mine, basic_altar,
          hangedman_minor_magic

Skill      XL: |  1  2  3  4  5  6  7  8  9 10 11 12 13 14 15 |
---------------+----------------------------------------------+-----
Axes           | 3 5 7 8 11 13 15 18 20 | 20.0
Fighting       | 4 5 6 8 9 11 12 14 15 16 | 16.4
Dodging        | 1 4 6 |  6.8
Armour         | 4 7 9 |  9.8
Shields        | 4 |  4.2
Invocations    | 4 8 10 11 | 11.2

Action                   |  1- 3 |  4- 6 |  7- 9 | 10-12 | 13-15 || total
-------------------------+-------+-------+-------+-------+-------++-------
Melee: War axe           |    63 |   213 |   116 |       |       ||   392
       Battleaxe         |       |       |   151 |   536 |   443 ||  1130
       Glaive            |       |       |       |     4 |       ||     4
Invok: Lesser Servant of |       |       |       |       |     1 ||     1
  Use: Scroll            |       |       |     4 |    15 |     5 ||    24
       Potion            |       |       |       |     1 |     5 ||     6
 Stab: Distracted        |       |       |       |       |     1 ||     1
  Eat: Chunk             |       |     8 |     7 |    15 |     8 ||    38
       Ration            |       |       |     1 |     2 |     3 ||     6
Armor: Scale mail        |    28 |    76 |    34 |       |       ||   138
       Plate armour      |       |       |   119 |   276 |   231 ||   626
       Chain mail        |       |       |    12 |       |       ||    12
Dodge: Dodged            |    19 |    49 |    70 |   257 |   137 ||   532
Block: Shield            |    30 |   106 |    41 |       |       ||   177
